 Dungeon Crawl Stone Soup version 0.25-a0-613-gf4b266557c (webtiles) character file.

Game seed: 13203296106948383982, levelgen mode: deterministic

9 Kohma the Digger (level 2, 0/15 HPs)
             Began as a Gargoyle Earth Elementalist on Mar 17, 2020.
             Slain by a hobgoblin
             ... wielding a +0 club
             ... led by Robin
              (8 damage)
             ... on level 2 of the Dungeon.
             The game lasted 00:02:27 (999 turns).

Kohma the Digger (Gargoyle Earth Elementalist)       Turns: 999, Time: 00:02:27

Health: 0/15       AC:  5    Str: 11    XL:     2   Next: 12%
Magic:  5/5        EV: 12    Int: 15    God:
Gold:   68         SH:  0    Dex: 10    Spells: 4/5 levels left

rFire    . . .     SeeInvis .   k - +0 dagger
rCold    . . .     Gourm    .   (no shield)
rNeg     + . .     Faith    .   c - +0 robe
rPois    ∞         Spirit   .   i - +0 helmet
rElec    +         Reflect  .   (no cloak)
rCorr    .         Harm     .   (no gloves)
MR       .....                  (no boots)
Stlth    ++........             (no amulet)
HPRegen  0.05/turn              (no ring)
MPRegen  0.09/turn              (no ring)

@: no status effects
A: negative energy resistance 1, electricity resistance, unbreathing,
petrification resistance, rot immunity, AC +2
a: no special abilities


You were on level 2 of the Dungeon.
You were not hungry.

You visited 1 branch of the dungeon, and saw 2 of its levels.

You collected 68 gold pieces.

Inventory:

Hand Weapons
 k - a +0 dagger (weapon)
Missiles
 b - 89 stones
 f - a javelin (quivered)
Armour
 c - a +0 robe (worn)
 i - a +0 helmet (worn)
Jewellery
 a - a cursed ring of attention {unknown}
 e - a +5 ring of strength {unknown}
Scrolls
 j - a scroll of blinking {unknown}
 n - a scroll of identify {unknown}
Potions
 g - a potion of degeneration {unknown}
 l - a potion of heal wounds {unknown}
 m - a potion of ambrosia {unknown}
Comestibles
 d - 2 rations


   Skills:
 - Level 1.5 Dodging
 - Level 2.1 Stealth
 + Level 2.2 Spellcasting
   Level 0.7 Transmutations
 * Level 4.1 Earth Magic


You had 4 spell levels left.
You knew the following spells:

 Your Spells              Type           Power        Failure   Level  Hunger
a - Sandblast             Erth           ##....       4%          1    #......

Your spell library contained the following spells:

 Spells                   Type           Power        Failure   Level  Hunger
 Passwall                 Tmut/Erth      #.......     12%         2    ###....
 Stone Arrow              Conj/Erth      #.....       28%         3    ###....
 Petrify                  Tmut/Erth      #.......     61%         4    #####..
 Lee's Rapid Deconstruct  Erth           ##........   73%         5    ######.


Dungeon Overview and Level Annotations

Branches:
Dungeon (2/15)

Altars:

Annotations:
D:2 Robin


Innate Abilities, Weirdness & Mutations

You are resistant to torment.
Your stone body is resilient. (AC +2)
You are immune to poison.
You resist negative energy. (rN+)
You are resistant to electric shocks. (rElec)
You can survive without breathing.
You are immune to petrification.
You are immune to rotting.


Message History

Aim: Robin, wielding a +0 mace, wearing a +0 animal skin and wearing a +0 helmet (moderately wounded)
You throw a javelin.
The javelin barely misses the hobgoblin.
The javelin closely misses the goblin.
The javelin misses the frilled lizard.
The javelin closely misses Robin.
The javelin closely misses the goblin.
The goblin shouts!
You hear a shout!
The goblin hits you with a +0 club.
Robin says, "My army is invincible!"
The hobgoblin barely misses you.
A goblin comes into view. It is wielding a +0 dagger.
The goblin barely misses you.
You hear a shout!
Throwing (i - inventory. (/) - cycle)
f - 2 javelins (quivered)
Press: ? - help, Shift-Dir - straight line, f - goblin
Aim: a goblin, wielding a +0 club (unusually strong)
You throw a javelin. The javelin barely misses the goblin.
You hear a shout!
The hobgoblin hits you with a +0 club!
Ouch! That really hurt!
You die...

# ...
.##########gg.g.
(....[g@ggl.g(#
##########gg....
....# ####


You could see Robin, 2 hobgoblins, 6 goblins and a frilled lizard.

Vanquished Creatures
  A dart slug (D:1)
  2 hobgoblins
  A kobold (D:1)
  A frilled lizard (D:1)
  2 rats (D:1)
7 creatures vanquished.

Notes
Turn   | Place    | Note
-------+----------+-------------------------------------------
     0 | D:1      | Kohma the Gargoyle Earth Elementalist began the quest for
                  | the Orb.
     0 | D:1      | Reached XP level 1. HP: 10/10 MP: 3/3
   669 | D:1      | Reached skill level 4 in Earth Magic
   669 | D:1      | Reached XP level 2. HP: 15/15 MP: 5/5
   991 | D:2      | Noticed Robin
   999 | D:2      | Slain by a hobgoblin

Levels and vault maps discovered:
D:1:      mainiacjoe_arrival_reflecting_pool, layout_basic
D:2:      layout_basic, ashenzari_conservatory_becter, uniq_terence, uniq_robin,
          uniq_natasha

Skill      XL: |  1 |
---------------+----+-----
Earth Magic    | 4 |  4.1
Dodging        | |  1.5
Stealth        | |  2.1
Spellcasting   | |  2.2
Transmutations | |  0.7

Action                   || total
-------------------------++-------
Melee: Unarmed           ||    11
       Dagger            ||     2
Throw: Javelin           ||    14
 Cast: Sandblast         ||     2
Armor: Robe              ||     6
Dodge: Dodged            ||    20

Table legend:
 A = Non-vault XP
 B = Vault XP
 C = Vault XP percentage of total XP
 D = Non-vault monster count
 E = Vault monster count
 F = Vault count percentage of total count
                 A         B        C        D         E       F
            +---------+---------+-------+---------+---------+-------
      Total |      11 |       2 |  15.4 |       6 |       1 |  14.3
            +---------+---------+-------+---------+---------+-------
        D:1 |      11 |       0 |   0.0 |       6 |       0 |   0.0
        D:2 |       0 |       2 | 100.0 |       0 |       1 | 100.0
            +---------+---------+-------+---------+---------+-------
